 Dungeon Crawl Stone Soup version 0.30-a0-576-g89cddaab80 (webtiles) character file.

Game seed: 12413457692419583758

44 wormed the Shooter (level 3, -1/18 HPs)
             Began as a Spriggan Hunter on Dec 31, 2022.
             Killed from afar by a white imp (11 damage)
             ... with a puff of frost
             ... on level 3 of the Dungeon.
             The game lasted 00:01:03 (899 turns).

wormed the Shooter (Spriggan Hunter)                 Turns: 899, Time: 00:01:04

Health: -1/18      AC:  2    Str:  7    XL:     3   Next: 41%
Magic:  4/4        EV: 18    Int: 10    God:
Gold:   121        SH:  0    Dex: 20    Spells: 2/2 levels left

rFire   . . .      SeeInvis +    a - +0 shortbow
rCold   . . .      Faith    .    (shield currently unavailable)
rNeg    . . .      Spirit   .    c - +0 robe
rPois   .          Reflect  .    (helmet restricted)
rElec   .          Harm     .    (no cloak)
rCorr   .          Rampage  .    (gloves unavailable)
Will    .....                    (boots unavailable)
Stlth   +++                      (no amulet)
HPRegen 0.23/turn                (no ring)
MPRegen 0.09/turn                (no ring)

@: very quick
A: very small, no large weapons, unfitting armour, see invisible, speed 3
a: no special abilities


You were on level 3 of the Dungeon.
You visited 1 branch of the dungeon, and saw 3 of its levels.

You collected 121 gold pieces.

Inventory:

Hand Weapons
 a - a +0 shortbow (weapon)
Armour
 c - a +0 robe (worn)
Wands
 h - a wand of iceblast (5)
Scrolls
 b - a scroll of immolation
 e - 2 scrolls of identify {unknown}
 f - a scroll of blinking {unknown}
 i - a scroll of acquirement {unknown}
Potions
 d - a potion of mutation {unknown}
 g - 2 potions of heal wounds {unknown}


   Skills:
 + Level 2.0 Fighting
 * Level 4.5 Ranged Weapons
 + Level 3.3 Dodging
 + Level 2.7 Stealth


You had 2 spell levels left.
You didn't know any spells.
Your spell library contained the following spells:

 Spells                   Type           Power      Damage    Failure   Level
 Freeze                   Ice            0%         1d3       36%         1
 Sandblast                Erth           0%         2d4       36%         1
 Passwall                 Tmut/Erth      0%         N/A       50%         2
 Frozen Ramparts          Ice            0%         1d1       75%         3
 Hailstorm                Conj/Ice       0%         3d3       75%         3
 Stone Arrow              Conj/Erth      0%         3d7       75%         3


Dungeon Overview and Level Annotations

Branches:
Dungeon (3/15)

Altars:
Gozag


Innate Abilities, Weirdness & Mutations

You are very small and have problems with some larger weapons.
You are too small for most types of armour.
You have supernaturally acute eyesight. (SInv)
You cover ground extremely quickly. (Speed+++)


Message History

No target in view!
You see here a +2 heavy mace.
Found a stone staircase leading down.
You see here a jackal corpse.
You now have 100 gold pieces (gained 9).
A kobold comes into view. It is wielding a +0 short sword.
A kobold is nearby!
You shoot an arrow. The arrow barely misses the kobold.
The kobold shouts!
You shoot an arrow. The arrow hits the kobold!
You kill the kobold!
No target in view!
No target in view!
You now have 105 gold pieces (gained 5).
You now have 121 gold pieces (gained 16).
You open the door.
A dart slug, a frilled lizard, a rat, a gnoll bouda and a white imp come into view.
The frilled lizard hisses angrily.
The gnoll bouda shouts!
The gnoll bouda enters a dispersal trap!
The white imp blinks!
The rat blinks! x3; The white imp blinks!
The dart slug blinks!
The frilled lizard blinks!
The rat blinks!
There are monsters nearby!
There are monsters nearby!
You shoot an arrow.
The arrow closely misses the frilled lizard.
The white imp shouts, "Relinquish hope, thou foppish tickle-brained mug-up!"
The frilled lizard bites you but does no damage.
The dart slug launches a dart at you. The slug dart hits you.
You shoot an arrow. The arrow hits the frilled lizard.
You kill the frilled lizard!
The white imp gestures at you. The puff of frost hits you.
The dart slug launches a dart at you. The slug dart misses you.
You see here a frilled lizard corpse.
The white imp gestures at you. The puff of frost hits you!
Ouch! That really hurt!
You die...

### #.# ..# #. #.# #. #.#
######### #. #.####..5....#
######.#####..@...##'##.....
...............####..w# #..
.............### #.g.#
##......#.....## #...#
..............+ #...#
#.............## #.^.#
.........#.....# #...#
#......).#.#.#...##+
.....###.#.#.###...


You could see a white imp.

Vanquished Creatures
  An adder (D:2)
  A worm (D:2)
  4 bats
  2 endoplasms
  2 goblins
  A hobgoblin (D:1)
  3 jackals (D:3)
  4 kobolds
  3 quokkas
  2 ball pythons (D:1)
  4 frilled lizards
  5 rats
32 creatures vanquished.

Notes
Turn   | Place    | Note
-------+----------+-------------------------------------------
     0 | D:1      | wormed the Spriggan Hunter began the quest for the Orb.
     0 | D:1      | Reached XP level 1. HP: 10/10 MP: 2/2
   171 | D:1      | Reached XP level 2. HP: 15/15 MP: 3/3
   227 | D:1      | You fall into a shaft and drop 1 floor!
   478 | D:2      | Reached XP level 3. HP: 17/18 MP: 4/4
   525 | D:2      | Found a faded altar of an unknown god.
   741 | D:3      | Found an opulent altar of Gozag.
   899 | D:3      | Killed from afar by a white imp

Illustrated notes

Levels and vault maps discovered:
D:1:      minmay_arrival_loop, layout_basic
D:2:      layout_basic, shapermc_ecumenical_altar_petra,
          minmay_misc_feat_secret_circle
D:3:      layout_basic, old_standard_altar, mainiacjoe_overflow_tiny_flanked,
          serial_shops, nicolae_shop_stone, minmay_divided_ellipse

Skill      XL: |  1  2  3 |
---------------+----------+-----
Stealth        | 2 |  2.7
Dodging        | 3 |  3.3
Fighting       | 2 |  2.0
Ranged Weapons | |  4.5

Action                   || total
-------------------------++-------
 Fire: Shortbow          ||    68
Armor: Robe              ||     2
Dodge: Dodged            ||    13

Table legend: (Time is in decaauts)
 A = Elapsed time spent in this place.
 B = Non-inter-level travel time spent in this place.
 C = Inter-level travel time spent in this place.
 D = Time resting spent in this place.
 E = Time spent auto-exploring this place.
 F = Levels seen in this place.
 G = Mean time per level.
                   A        B        C        D        E       F      G
               +--------+--------+--------+--------+--------+-----+--------+
         Total |    600 |    596 |      4 |      0 |    465 |   3 |  200.0 |
       Dungeon |    600 |    596 |      4 |      0 |    465 |   3 |  200.0 |
               +--------+--------+--------+--------+--------+-----+--------+

Top non-repeatable levels by time:
     D:2: 334 daAuts
     D:1: 152 daAuts
     D:3: 112 daAuts
